Map: Lightshade LE

Players

Maplez

  • Race: Protoss Protoss

MCanning - Winner!

  • Race: Protoss Protoss

VOD

Have the link to the VOD?

Description

Time

  • Played on: Oct. 5, 2021, 3:31 p.m.
  • Length: 13:49
Show
View Real Time Build Order
Export as new Build Order

Maplez Protoss 

Build Orders: Oracle Opening 

Get SALT Encoding   

  12  0:00  Probe  
  13  0:12  Probe  
  14  0:17  Pylon  
  14  0:24  Probe (Chrono Boost)  
  15  0:36  Probe (Chrono Boost)  
  15  0:38  Gateway  
  16  0:44  Probe (Chrono Boost)  
  16  0:49  Assimilator  
  17  0:52  Probe  
  18  1:00  Assimilator  
  18  1:04  Pylon  
  18  1:07  Probe  
  19  1:18  Gateway  
  19  1:19  Probe  
  20  1:29  Cybernetics Core  
  20  1:35  Pylon  
  20  1:37  Probe  
  21  1:50  Probe  
  22  2:02  Probe  
  22  2:04  Warp Gate (Chrono Boost)  
  22  2:06  Stalker  
  22  2:07  Sentry  
  27  2:12  Pylon  
  27  2:14  Probe  
  28  2:31  Oracle  
  28  2:33  Stalker, Probe  
  28  2:36  Stalker  
  32  2:59  Nexus  
  32  3:02  Probe  
  33  3:12  Shield Battery  
  33  3:15  Probe  
  34  3:23  Shield Battery  
  34  3:27  Pylon  
  34  3:28  Probe (Chrono Boost)  
  35  3:39  Twilight Council  
  36  3:42  Probe (Chrono Boost)  
  36  3:51  Probe (Chrono Boost), Sentry x2  
  41  4:01  Probe (Chrono Boost)  
  42  4:05  Gateway  
  42  4:14  Blink (Chrono Boost)  
  42  4:16  Probe x2 (Chrono Boost)  
  45  4:25  Probe (Chrono Boost)  
  45  4:26  Shield Battery  
  45  4:38  Stalker x2, Probe  
  49  4:40  Probe  
  49  4:50  Probe  
  49  4:52  Probe  
  51  5:03  Stalker x3  
  51  5:05  Probe  
  58  5:07  Stalker x2  
  58  5:08  Probe  
  59  5:15  Pylon  
  59  5:17  Probe  
  59  5:20  Probe  
  61  5:29  Probe  
  61  5:34  Adept x2, Stalker  
  68  5:36  Probe  
  68  5:41  Probe  
  70  5:54  Charge (Chrono Boost)  
  70  5:57  Nexus, Pylon  
  70  6:09  Forge  
  70  6:12  Gateway  
  70  6:15  Probe x2  
  70  6:16  Assimilator  
  72  6:23  Gateway  
  72  6:24  Gateway  
  72  6:28  Probe  
  72  6:29  Gateway  
  72  6:31  Probe  
  74  6:39  Zealot x2  
  78  6:40  Protoss Ground Weapons Level 1 (Chrono Boost)  
  78  6:45  Probe  
  77  6:52  Pylon  
  75  7:02  Zealot  
  75  7:03  Robotics Facility  
  75  7:07  Pylon  
  77  7:08  Photon Cannon  
  77  7:10  Photon Cannon  
  77  7:12  Probe  
  77  7:14  Probe x2  
  80  7:19  Zealot x2  
  84  7:24  Probe  
  84  7:26  Probe x2  
  87  7:30  Pylon  
  87  7:34  Photon Cannon  
  87  7:36  Probe  
  88  7:38  Probe  
  88  7:42  Probe  
  90  7:46  Assimilator  
  90  7:48  Probe  
  90  7:50  Probe  
  92  7:52  Shield Battery  
  92  7:54  Observer (Chrono Boost), Probe  
  94  7:59  Templar Archives  
  94  8:00  Zealot x3, Probe  
  94  8:03  Probe  
  102  8:06  Probe  
  104  8:12  Probe  
  104  8:15  Probe, Pylon  
  105  8:25  Probe, Protoss Ground Weapons Level 2 (Chrono Boost)  
  106  8:34  Warp Prism (Chrono Boost)  
  108  8:41  Nexus, Assimilator  
  108  8:42  Assimilator  
  108  8:43  Pylon  
  108  8:46  Dark Shrine  
  108  8:48  High Templar x4  
  115  8:55  Archon  
  115  8:56  Archon  
  115  9:00  Photon Cannon  
  115  9:01  Photon Cannon  
  115  9:03  Pylon  
  115  9:06  Probe  
  115  9:07  Probe x2  
  118  9:10  Pylon  
  118  9:13  Observer  
  119  9:18  Probe  
  119  9:21  Stalker x4  
  119  9:22  Stalker  
  130  9:39  Pylon  
  130  9:41  Photon Cannon  
  130  9:52  Probe x3, Shield Battery  
  131  9:53  Photon Cannon  
  131  9:54  Shadow Stride (Chrono Boost)  
  131  9:58  Observer (Chrono Boost)  
  132  10:04  Observer, Pylon  
  132  10:07  Probe  
  132  10:10  Probe  
  132  10:12  Dark Templar x4  
  142  10:19  Probe  
  142  10:20  Robotics Facility  
  141  10:22  Robotics Bay  
  141  10:24  Probe x2  
  141  10:25  Probe  
  141  10:26  Protoss Ground Weapons Level 3 (Chrono Boost)  
  144  10:33  Stalker x2  
  144  10:34  Stalker  
  150  10:40  Assimilator  
  150  10:41  Assimilator  
  150  10:43  Photon Cannon  
  150  10:45  Photon Cannon  
  150  10:46  Shield Battery x2  
  150  10:48  Gateway  
  150  10:50  Pylon  
  150  11:01  Stargate  
  150  11:04  Pylon  
  150  11:05  Photon Cannon  
  150  11:08  Gateway  
  146  11:14  Protoss Air Weapons Level 1, Disruptor (Chrono Boost)  
  146  11:15  Gateway, Pylon  
  152  11:22  Dark Templar  
  152  11:24  Zealot, Disruptor (Chrono Boost)  
  152  11:25  Zealot x5, Observer  
  151  11:47  Disruptor (Chrono Boost)  
  151  11:49  Observer  
  152  11:57  Disruptor (Chrono Boost)  
  153  12:08  Stalker x6  
  139  12:12  Probe  
  139  12:13  Zealot x2, Dark Templar  
  146  12:28  Observer  
  146  12:29  Photon Cannon  
  149  12:30  Photon Cannon, Disruptor (Chrono Boost)  
  149  12:32  Photon Cannon  
  149  12:35  Zealot x7  
  137  12:47  Zealot x2  
  137  12:51  Probe x4  
  136  12:57  Dark Templar x2  
  136  12:58  Dark Templar x2  
  137  13:03  Probe x4  
  137  13:05  Dark Templar x3  
  85  13:13  Zealot  
  85  13:14  Zealot  
  85  13:15  Probe x2  
  85  13:16  Probe  
  85  13:17  Probe  
  66  13:30  Probe  
Show
View Real Time Build Order
Export as new Build Order

MCanning Protoss - Winner!

Build Orders:  

Get SALT Encoding   

  12  0:00  Probe  
  13  0:12  Probe  
  14  0:17  Pylon  
  14  0:24  Probe  
  15  0:35  Gateway  
  15  0:36  Probe (Chrono Boost)  
  16  0:46  Assimilator, Probe (Chrono Boost)  
  17  0:51  Probe (Chrono Boost)  
  17  0:55  Assimilator  
  18  1:03  Probe  
  19  1:15  Probe  
  20  1:24  Cybernetics Core  
  20  1:30  Gateway  
  20  1:33  Probe  
  21  1:41  Pylon  
  21  1:45  Probe  
  22  1:57  Stalker (Chrono Boost), Probe  
  22  1:59  Warp Gate (Chrono Boost)  
  25  2:10  Pylon  
  25  2:12  Probe  
  26  2:21  Sentry  
  28  2:25  Pylon  
  28  2:28  Sentry  
  30  2:30  Probe  
  31  2:50  Nexus  
  31  2:57  Shield Battery  
  31  3:00  Sentry  
  33  3:05  Probe  
  33  3:10  Pylon  
  34  3:17  Probe  
  35  3:26  Robotics Facility  
  35  3:30  Probe (Chrono Boost)  
  37  3:42  Probe (Chrono Boost)  
  37  3:49  Probe (Chrono Boost)  
  37  3:50  Adept  
  37  3:51  Adept  
  42  3:58  Probe (Chrono Boost)  
  43  4:03  Probe (Chrono Boost)  
  45  4:11  Forge  
  45  4:13  Probe x2 (Chrono Boost)  
  45  4:14  Observer  
  45  4:16  Sentry  
  49  4:20  Probe  
  49  4:21  Probe  
  51  4:32  Probe  
  51  4:33  Probe  
  51  4:35  Immortal (Chrono Boost), Protoss Ground Weapons Level 1  
  57  4:44  Probe  
  56  4:45  Probe  
  55  4:53  Assimilator  
  55  4:54  Pylon  
  55  4:56  Probe  
  55  4:58  Probe  
  57  5:03  Twilight Council  
  57  5:09  Probe  
  57  5:10  Probe  
  57  5:13  Pylon  
  59  5:14  Immortal (Chrono Boost)  
  59  5:21  Probe  
  64  5:29  Nexus  
  64  5:33  Pylon  
  64  5:41  Pylon  
  64  5:43  Stalker x2  
  64  5:44  Charge (Chrono Boost)  
  64  5:47  Gateway x2  
  64  5:49  Probe  
  68  5:51  Assimilator  
  68  5:57  Immortal  
  68  6:00  Probe  
  68  6:03  Pylon  
  69  6:05  Probe  
  69  6:10  Shield Battery  
  70  6:12  Probe  
  70  6:13  Zealot  
  70  6:17  Probe  
  74  6:19  Dark Shrine  
  74  6:22  Adept  
  74  6:24  Probe  
  77  6:26  Shield Battery  
  77  6:29  Probe  
  78  6:36  Probe  
  79  6:41  Nexus, Probe  
  79  6:42  Protoss Ground Weapons Level 2 (Chrono Boost)  
  79  6:48  Probe  
  79  6:51  Pylon  
  79  6:53  Probe  
  81  6:54  Zealot  
  81  6:55  Zealot  
  81  7:01  Probe  
  85  7:03  Templar Archives  
  85  7:05  Probe  
  86  7:10  Shield Battery  
  86  7:13  Probe  
  87  7:17  Probe  
  87  7:18  Observer  
  87  7:22  Gateway  
  89  7:24  Gateway  
  89  7:25  Gateway, Probe  
  89  7:29  Gateway  
  90  7:30  Pylon  
  90  7:33  Dark Templar  
  90  7:35  Probe  
  93  7:39  Dark Templar  
  93  7:41  Dark Templar  
  97  7:45  Probe  
  97  7:49  Probe  
  99  7:53  Probe  
  99  7:56  High Templar  
  102  8:00  Pylon  
  102  8:04  Gateway  
  102  8:06  Pylon  
  102  8:09  High Templar  
  102  8:12  Assimilator  
  106  8:13  Archon  
  106  8:14  High Templar x2  
  106  8:16  Photon Cannon  
  108  8:20  Archon  
  108  8:29  Probe  
  108  8:31  Nexus  
  108  8:32  Photon Cannon  
  108  8:34  Probe, Pylon  
  108  8:37  Photon Cannon  
  108  8:38  Protoss Ground Weapons Level 3 (Chrono Boost)  
  108  8:44  High Templar x2  
  112  8:49  Probe, Shield Battery  
  112  8:50  Gateway  
  112  8:51  Archon  
  112  8:52  Gateway  
  113  8:56  Probe x2  
  115  9:05  Photon Cannon  
  115  9:06  Shield Battery  
  113  9:10  Robotics Bay, Probe  
  113  9:14  Probe  
  113  9:16  Pylon  
  113  9:17  Probe  
  113  9:18  Robotics Facility  
  113  9:22  Probe  
  115  9:25  Zealot x2  
  115  9:29  Photon Cannon, Blink (Chrono Boost)  
  119  9:31  Pylon  
  119  9:37  Zealot x2  
  119  9:38  Zealot x2  
  125  9:43  Stalker x2  
  129  9:46  Dark Templar  
  131  9:57  Disruptor (Chrono Boost)  
  131  9:59  Shadow Stride (Chrono Boost)  
  131  10:05  Assimilator  
  134  10:07  Assimilator  
  134  10:11  Photon Cannon, Probe  
  134  10:13  Zealot x7  
  149  10:17  Photon Cannon  
  149  10:21  Disruptor (Chrono Boost)  
  155  10:36  Probe, Disruptor (Chrono Boost)  
  155  10:37  Pylon  
  155  10:41  Photon Cannon x2, High Templar x2  
  160  10:47  Archon  
  158  10:52  Zealot x3  
  158  10:54  Disruptor (Chrono Boost)  
  167  10:58  Nexus  
  167  10:59  Pylon  
  167  11:02  Dark Templar x2  
  167  11:03  Protoss Shields Level 1 (Chrono Boost)  
  169  11:11  Zealot x3  
  169  11:18  Probe  
  176  11:27  Dark Templar  
  176  11:28  Dark Templar  
  176  11:29  Photon Cannon  
  176  11:30  Disruptor  
  176  11:31  Photon Cannon  
  183  11:33  Photon Cannon  
  183  11:34  Shield Battery  
  181  11:46  Disruptor  
  178  11:49  Zealot x5  
  178  11:50  Zealot x2  
  190  11:56  Dark Templar  
  190  12:05  Disruptor  
  191  12:08  Probe  
  191  12:09  Zealot x2  
  191  12:14  Probe  
  197  12:21  Disruptor  
  192  12:32  Zealot x4  
  192  12:34  Pylon  
  196  12:41  Disruptor  
  195  12:47  Dark Templar x2  
  199  12:57  Disruptor  
  179  13:07  Zealot x2  
  179  13:08  Zealot x7  
  173  13:20  Probe  
  173  13:21  Zealot x2  
  173  13:26  Probe  
  172  13:28  Zealot x7  
  172  13:29  Zealot x2  
Tags
 
Add a new tag
Caveats
  • Supply blocks, unpowered buildings, or Contaminate may cause inaccurate times.
  • Supply counts are checked every 10 seconds.